 Dungeon Crawl Stone Soup version 0.25-a0-589-g1e14c549ee (webtiles) character file.

Game seed: 8127155570575560096, levelgen mode: deterministic

721 Gargoyl the Distorting Centaur (level 7, -3/58 HPs)
             Began as a Centaur Abyssal Knight on Mar 11, 2020.
             Was a Believer of Lugonu.
             Slain by an ogre
             ... wielding a +0 giant spiked club
              (24 damage)
             ... on level 5 of the Dungeon.
             The game lasted 00:05:37 (5897 turns).

Gargoyl the Distorting Centaur (CeAK)               Turns: 5897, Time: 00:05:38

Health: -3/58      AC:  9    Str: 15    XL:     7   Next: 42%
Magic:  10/10      EV:  8    Int: 11    God:    Lugonu [**....]
Gold:   378        SH:  3    Dex: 10    Spells: 6/6 levels left

rFire    . . .     SeeInvis .   a - +1 hand axe
rCold    . . .     Gourm    .   o - +0 buckler
rNeg     . . .     Faith    .   j - +2 ring mail {rPois}
rPois    +         Spirit   .   d - +0 helmet
rElec    .         Reflect  .   (no cloak)
rCorr    .         Harm     .   (no gloves)
MR       .....                  (no barding)
Stlth    ..........             (no amulet)
HPRegen  0.19/turn              (no ring)
MPRegen  0.12/turn              (no ring)

@: very quick
A: large, hooves 3, deformed body, speed 2, tough skin 3
a: Depart the Abyss, Bend Space, Renounce Religion


You were on level 5 of the Dungeon.
You worshipped Lugonu.
Lugonu was pleased with you.
You were not hungry.

You visited 1 branch of the dungeon, and saw 5 of its levels.
You visited the Abyss 1 time.

You collected 378 gold pieces.

Inventory:

Hand Weapons
 a - a +1 hand axe (weapon)
Armour
 d - a +0 helmet (worn)
 j - a +2 ring mail of poison resistance (worn)
 o - a +0 buckler (worn)
Wands
 h - a wand of acid (5)
Scrolls
 k - a scroll of identify
 n - 2 scrolls of remove curse
Potions
 b - a potion of resistance
 e - 2 potions of berserk rage
 f - a potion of flight
 g - 3 potions of stabbing
 i - a potion of magic {unknown}
 l - a potion of cancellation {unknown}
 m - a potion of lignification {unknown}
Comestibles
 c - 9 rations


   Skills:
 + Level 3.9 Fighting
 + Level 3.9 Axes
 * Level 3.7 Armour
 * Level 2.5 Dodging
 * Level 4.1 Invocations
 + Level 0.2 Evocations


You had 6 spell levels left.
You didn't know any spells.
Your spell library contained the following spells:

 Spells                   Type           Power        Failure   Level  Hunger
 Confusing Touch          Hex            #.......     97%         3    ####...
 Gell's Gravitas          Tloc           #.........   97%         3    ####...
 Petrify                  Tmut/Erth      #.......     100%        4    #####..
 Metabolic Englaciation   Hex/Ice        #.........   100%        5    ######.
 Yara's Violent Unravell  Hex/Tmut       #.........   100%        5    ######.


Dungeon Overview and Level Annotations

Branches:
Dungeon (5/15)
 Temple: D:4-7

Altars:
Elyvilon
Nemelex Xobeh
Okawaru
Ru
Uskayaw
Vehumet

Shops:
D:4 %


Innate Abilities, Weirdness & Mutations

You have hooves in place of feet.
Armour fits poorly on your strangely shaped body.
You cover ground very quickly.
You have extremely tough skin. (AC +3)


Message History

The ogre shouts!
An ogre is nearby!
You hit the ogre. Your kick misses the ogre.
The ogre is moderately wounded.
The ogre hits you with a +0 giant spiked club!
You hit the ogre. You kick the ogre!
The ogre is severely wounded.
You hit the ogre. Your kick misses the ogre.
The ogre is severely wounded.
The ogre hits you with a +0 giant spiked club!
You barely miss the ogre.
The ogre is severely wounded.
The ogre hits you with a +0 giant spiked club!
You hit the ogre.
The ogre is almost dead.
You block the ogre's attack.
You hit the ogre but do no damage.
The ogre is almost dead.
The ogre hits you with a +0 giant spiked club!!
You die...

#............#.#.#
<......
#............#.#.#
#######
#................ #
######.........#.#..##
# ...............#.#..#
.
...............#.#.>..
#
...............#.######
...............#.#
......#.........@#
................O#
.................#
..........######.#
..........# #.#
......##### #.# #######
#.# #.# #.#


You could see an ogre.

Vanquished Creatures
  An ice beast (D:5)
  2 ogres
  2 phantoms (D:4)
  A scorpion (D:4)
  2 worker ants (D:4)
  A gnoll (D:1)
  9 adders
  2 worms
  2 dart slugs
  2 leopard geckos
  6 orcs (D:3)
  5 giant cockroaches
  7 hobgoblins
  17 jackals
  8 kobolds
  2 quokkas
  A ball python (D:2)
  11 bats
  2 frilled lizards
  5 goblins
  A leopard gecko zombie (D:5)
  6 rats
95 creatures vanquished.

Notes
Turn   | Place    | Note
-------+----------+-------------------------------------------
     0 | Abyss:1  | Gargoyl the Centaur Abyssal Knight began the quest for the
                  | Orb.
     0 | Abyss:1  | Reached XP level 1. HP: 19/19 MP: 2/2
    12 | Abyss:1  | Found a corrupted altar of Lugonu.
    18 | Abyss:2  | Found a corrupted altar of Lugonu.
    55 | Abyss:2  | Noticed a tentacled monstrosity
   118 | Abyss:2  | Noticed a large abomination
   131 | Abyss:2  | Noticed a wretched star
   133 | D:1      | Escaped the Abyss
   183 | D:1      | Reached * piety under Lugonu
   416 | D:1      | Reached XP level 2. HP: 8/26 MP: 3/3
   871 | D:1      | Reached skill level 1 in Dodging
  1064 | D:1      | Reached XP level 3. HP: 14/31 MP: 4/4
  2299 | D:2      | Found an iron altar of Okawaru.
  2308 | D:2      | Reached XP level 4. HP: 33/38 MP: 4/6
  2523 | D:2      | Found a white marble altar of Elyvilon.
  2801 | D:2      | Reached ** piety under Lugonu
  3220 | D:3      | Noticed an ogre
  3230 | D:3      | Killed an ogre
  3230 | D:3      | Reached skill level 3 in Invocations
  3230 | D:3      | Reached XP level 5. HP: 19/45 MP: 7/7
  3451 | D:3      | Found a sparkling altar of Nemelex Xobeh.
  4199 | D:3      | Found a hide-covered altar of Uskayaw.
  4199 | D:3      | Noticed a +0 hand axe
  4199 | D:3      | Noticed a +0 dagger
  4459 | D:4      | Reached XP level 6. HP: 50/51 MP: 8/8
  4481 | D:4      | Found Luowk's Food Boutique.
  5185 | D:4      | Found a radiant altar of Vehumet.
  5326 | D:4      | Reached XP level 7. HP: 37/58 MP: 9/9
  5581 | D:4      | Found a sacrificial altar of Ru.
  5747 | D:5      | Entered Level 5 of the Dungeon
  5795 | D:5      | Reached skill level 4 in Invocations
  5897 | D:5      | Slain by an ogre

Levels and vault maps discovered:
D:1:      mrwooster_arrival_statue_2, layout_basic
D:2:      minmay_inner_zag, layout_loops_corners,
          nicolae_overflow_hidden_temple, okawaru_ov_weapons_minmay
D:3:      layout_loops_corners, nemelex_xobeh_ov_fountains_minmay,
          dancing_weapons_uskayaw
D:4:      layout_gridville, nicolae_ru_path_of_blood, old_standard_altar,
          serial_shops, nicolae_shop_statue_plus, first_ration
D:5:      layout_basic, old_standard_altar

Skill      XL: |  1  2  3  4  5  6  7 |
---------------+----------------------+-----
Axes           | 2 3 |  3.9
Dodging        | 1 2 |  2.5
Armour         | 2 3 |  3.7
Invocations    | 3 4 |  4.1
Fighting       | |  3.9
Evocations     | |  0.2

Action                   |  1- 3 |  4- 6 |  7- 9 || total
-------------------------+-------+-------+-------++-------
Melee: Hand axe          |   103 |   199 |    48 ||   350
       Kick              |    10 |    51 |     6 ||    67
Invok: Depart the Abyss  |     1 |       |       ||     1
Evoke: Wand              |       |     5 |       ||     5
  Use: Potion            |     3 |       |       ||     3
       Scroll            |     3 |     3 |     3 ||     9
  Eat: Chunk             |     3 |     8 |       ||    11
       Ration            |       |       |     1 ||     1
Armor: Leather armour    |    78 |       |       ||    78
       Ring mail         |    10 |   106 |    21 ||   137
Dodge: Dodged            |    87 |   107 |    14 ||   208
Block: Buckler           |       |       |     5 ||     5

Table legend:
 A = Non-vault XP
 B = Vault XP
 C = Vault XP percentage of total XP
 D = Non-vault monster count
 E = Vault monster count
 F = Vault count percentage of total count
                 A         B        C        D         E       F
            +---------+---------+-------+---------+---------+-------
      Total |     997 |      33 |   3.2 |      89 |       6 |   6.3
            +---------+---------+-------+---------+---------+-------
        D:1 |      67 |       0 |   0.0 |      31 |       0 |   0.0
        D:2 |      68 |      33 |  32.7 |      19 |       6 |  24.0
        D:3 |     194 |       0 |   0.0 |      25 |       0 |   0.0
        D:4 |     527 |       0 |   0.0 |      11 |       0 |   0.0
        D:5 |     141 |       0 |   0.0 |       3 |       0 |   0.0
            +---------+---------+-------+---------+---------+-------
